 Dungeon Crawl Stone Soup version 0.17.0-56-gd8de76c (console) character file.

137 Kloppie the Chiller (level 5, -3/35 HPs)
             Began as a High Elf Ice Elementalist on Dec 5, 2015.
             Slain by a phantom (10 damage)
             ... on level 4 of the Dungeon.
             The game lasted 00:07:14 (3862 turns).

Kloppie the Chiller (High Elf Ice Elementalist)     Turns: 3862, Time: 00:07:14

Health: -3/35      AC:  9    Str:  7    XL:     5   Next: 0%
Magic:  3/9        EV: 14    Int: 20    God:
Gold:   94         SH:  0    Dex: 15    Spells: 3 memorised, 2 levels left

rFire  . . .     SeeInvis .     t - +0 falchion
rCold  . . .     Clarity  .     a - +0 robe
rNeg   . . .     SustAt   .     (no shield)
rPois  .         Gourm    .     (no helmet)
rElec  .         Spirit   .     (no cloak)
rCorr  .         Warding  .     (no gloves)
rMut   .         Stasis   .     r - +1 pair of boots
MR     .....                    (no amulet)
Stlth  ++........               (no ring)
                                (no ring)

@: icy armour, very slightly contaminated, not resistant to hostile
enchantments, unstealthy
A: no striking features
a: no special abilities


You were on level 4 of the Dungeon.
You were very hungry.

You visited 1 branch of the dungeon, and saw 5 of its levels.

You collected 94 gold pieces.

Inventory:

Hand Weapons
 e - a +0 short sword
 t - a +0 falchion (weapon)
Armour
 a - a +0 robe (worn)
 k - a +0 buckler
 r - a +1 pair of boots (worn)
Jewellery
 j - an uncursed ring of sustain attributes {unknown}
Scrolls
 f - 3 scrolls of remove curse {unknown}
 h - a scroll of teleportation {unknown}
 i - 3 scrolls of noise {unknown}
 n - 2 scrolls of blinking {unknown}
 o - a scroll of identify {unknown}
 p - a scroll of fear {unknown}
 q - a scroll of recharging {unknown}
 v - a scroll of random uselessness {unknown}
 x - a scroll of enchant armour {unknown}
Potions
 d - a potion of flight {unknown}
 g - a potion of degeneration {unknown}
 s - a potion of curing {unknown}
 u - a potion of poison {unknown}
Books
 b - a book of Frost

   Spells                             Type                      Level
   a - Freeze                         Ice                          1
   b - Throw Frost                    Conjuration/Ice              2
   c - Ozocubu's Armour               Charms/Ice                   3
   d - Throw Icicle                   Conjuration/Ice              4
   e - Summon Ice Beast               Ice/Summoning                4
   f - Condensation Shield            Ice                          4
Comestibles
 c - 4 bread rations
 l - 2 fruits
 m - a slice of pizza


   Skills:
 + Level 2.4 Fighting
 + Level 3.6 Dodging
 - Level 2.1 Stealth
 - Level 2.4 Spellcasting
 - Level 1.1 Conjurations
 + Level 4.1 Ice Magic


You had 2 spell levels left.
You knew the following spells:

 Your Spells              Type           Power        Failure   Level  Hunger
a - Freeze                Ice            ###.         2%          1    #......
b - Ozocubu's Armour      Chrm/Ice       ##......     21%         3    ###....
c - Throw Frost           Conj/Ice       ##....       10%         2    ##.....


Dungeon Overview and Level Annotations

Branches:
Dungeon (5/15)
 Temple: D:4-7

Altars:
Cheibriados
Elyvilon
The Shining One

Annotations:
D:4 exclusion: centaur
D:5 Grinder


Message History

You hit the phantom.
The phantom is lightly damaged.
The phantom hits you. The phantom closely misses you.
You slash the phantom!
The phantom is moderately damaged.
The phantom hits you but does no damage.
You are feeling very hungry.
You hit the phantom.
The phantom is moderately damaged.
The phantom hits you.
* * * LOW HITPOINT WARNING * * *
You hit the phantom.
The phantom is heavily damaged.
The phantom hits you!
* * * LOW HITPOINT WARNING * * *
The phantom hits you but does no damage.
You hit the phantom.
The phantom is heavily damaged.
The phantom hits you!
You die...

##### ##...# #....+ #(...#
....# ..... #...#.....#
..####+######...#.....##.
..........@W....#.......
........>..##...##....#
..##.......##...##....#
#.......##.........# ...
#.......##.........##...
#........+..........##...
#........#...............
#........#....##....##...
##.......##...##...ยง##...


You could see a phantom.

Vanquished Creatures
  Jessica (D:2)
  2 adders
  4 oozes
  3 worms (D:2)
  3 giant geckos
  A ball python (D:2)
  4 giant cockroaches
  6 goblins
  9 hobgoblins
  11 jackals
  7 kobolds
  2 bats (D:1)
  3 giant newts
  9 rats
65 creatures vanquished.

Notes
Turn   | Place    | Note
--------------------------------------------------------------
     0 | D:1      | Kloppie the High Elf Ice Elementalist began the quest for the Orb.
     0 | D:1      | Reached XP level 1. HP: 11/11 MP: 4/4
   161 | D:1      | Reached XP level 2. HP: 18/18 MP: 0/6
   281 | D:1      | Reached skill level 1 in Fighting
   627 | D:1      | Reached XP level 3. HP: 6/23 MP: 4/7
  1442 | D:2      | Learned a level 3 spell: Ozocubu's Armour
  1445 | D:2      | Learned a level 2 spell: Throw Frost
  1827 | D:2      | Noticed Jessica
  1841 | D:2      | Killed Jessica
  1841 | D:2      | Reached XP level 4. HP: 29/29 MP: 4/8
  2649 | D:2      | Reached skill level 4 in Ice Magic
  2847 | D:3      | Found a glowing golden altar of the Shining One.
  3592 | D:4      | Found a snail-covered altar of Cheibriados.
  3601 | D:4      | Reached XP level 5. HP: 25/35 MP: 5/9
  3764 | D:4      | Noticed a centaur
  3769 | D:4      | Noticed a phantom
  3798 | D:5      | Entered Level 5 of the Dungeon
  3820 | D:5      | Found a white marble altar of Elyvilon.
  3820 | D:5      | Noticed Grinder
  3862 | D:4      | Slain by a phantom

Action                   |  1- 3 |  4- 6 || total
-------------------------+-------+-------++-------
Melee: Short sword       |    61 |    33 ||    94
       Falchion          |       |    37 ||    37
 Cast: Freeze            |    44 |    24 ||    68
       Throw Frost       |       |     5 ||     5
       Ozocubu's Armour  |       |     2 ||     2
 Stab: Sleeping          |     5 |     3 ||     8
  Eat: Chunk             |     3 |     6 ||     9
